Map: Ascensión a Aiur EJ

Players

Jig - Winner!

  • Race: Zerg Zerg
  • League: Master
  • Spawn Location: 5:00

monOxyde

  • Race: Terran Terran
  • League: Master
  • Spawn Location: 11:00

VOD

Have the link to the VOD?

Description

Time

  • Played on: Jan. 14, 2018, 7:55 p.m.
  • Length: 11:17
Show
View Real Time Build Order
Export as new Build Order

Jig Zerg - Winner!

Build Orders: Pool First 

Get SALT Encoding   

  12  0:01  Drone  
  13  0:12  Overlord  
  13  0:17  Drone  
  14  0:30  Drone x2  
  14  0:34  Drone  
  17  0:44  Spawning Pool  
  17  0:49  Drone  
  17  1:07  Hatchery  
  16  1:13  Drone  
  16  1:16  Extractor, Drone  
  17  1:20  Drone  
  18  1:30  Queen  
  20  1:34  Zergling x2  
  21  1:40  Overlord  
  21  1:49  Drone  
  22  2:00  Drone  
  23  2:06  Queen  
  25  2:12  Drone  
  26  2:17  Metabolic Boost  
  26  2:19  Queen  
  26  2:20  Drone  
  29  2:23  Drone  
  30  2:43  Hatchery  
  29  2:44  Overlord  
  29  2:48  Drone  
  30  2:52  Drone x2  
  30  2:56  Overlord  
  32  3:02  Drone x2  
  34  3:07  Drone x2  
  36  3:15  Queen  
  36  3:18  Queen  
  40  3:25  Drone  
  40  3:26  Spine Crawler  
  40  3:28  Drone  
  40  3:30  Drone  
  40  3:33  Overlord  
  42  3:37  Drone x2  
  42  3:39  Drone  
  42  3:40  Drone  
  46  3:47  Overlord  
  46  3:50  Zergling x6  
  49  4:04  Drone, Spore Crawler  
  49  4:05  Spore Crawler  
  49  4:06  Drone  
  49  4:07  Queen  
  51  4:14  Drone, Spore Crawler  
  51  4:21  Queen  
  53  4:25  Spore Crawler, Queen  
  53  4:30  Drone x4  
  58  4:34  Drone x2  
  60  4:41  Drone x4  
  60  4:45  Overlord  
  64  4:48  Drone x2  
  66  4:59  Lair  
  66  5:02  Overlord  
  66  5:04  Zergling x10  
  67  5:22  Drone x9  
  67  5:26  Overlord  
  76  5:30  Drone x2  
  76  5:32  Drone x3  
  76  5:34  Drone  
  82  5:36  Overlord  
  82  5:37  Extractor  
  82  5:38  Extractor x2  
  82  5:39  Drone, Evolution Chamber  
  82  5:40  Evolution Chamber  
  78  5:45  Drone x6  
  84  5:55  Drone  
  85  6:00  Overseer  
  85  6:03  Zergling x6  
  85  6:04  Zergling x10  
  91  6:08  Drone  
  94  6:39  Overlord  
  90  6:40  Drone x7  
  90  6:47  Extractor  
  93  6:49  Extractor, Zerg Ground Armor Level 1, Zerg Melee Weapons Level 1  
  93  6:51  Baneling Nest  
  93  6:53  Overlord  
  91  6:54  Drone x6  
  91  6:55  Infestation Pit  
  91  6:57  Hatchery  
  95  7:01  Overlord  
  95  7:02  Drone  
  95  7:03  Drone  
  95  7:05  Drone  
  92  7:24  Zergling x26  
  102  7:39  Hive  
  102  7:42  Zergling x6  
  102  7:43  Centrifical Hooks  
  105  7:44  Spire  
  105  7:45  Baneling x5  
  105  7:46  Baneling x9  
  105  7:47  Zergling x2  
  105  7:48  Zergling x16  
  106  8:05  Zergling x2  
  106  8:06  Zergling x10  
  111  8:16  Zergling x2  
  111  8:17  Zergling x18  
  121  8:23  Spore Crawler  
  121  8:24  Overlord  
  120  8:33  Overlord  
  109  8:47  Zerg Melee Weapons Level 2, Zerg Ground Armor Level 2  
  109  8:55  Adrenal Glands  
  105  8:56  Overlord, Ultralisk Cavern  
  105  8:59  Drone x6  
  105  9:00  Drone x3  
  105  9:01  Extractor  
  105  9:02  Extractor  
  111  9:04  Overlord  
  111  9:22  Hatchery  
  109  9:27  Greater Spire  
  106  9:31  Corruptor  
  106  9:32  Corruptor x6  
  117  9:54  Queen  
  117  9:58  Zergling x30  
  117  9:59  Zergling x14  
  141  10:00  Baneling x5  
  141  10:01  Baneling x6  
  141  10:05  Zergling x2  
  142  10:11  Zergling x6  
  145  10:21  Zergling x8  
  149  10:28  Zergling x2  
  113  10:44  Brood Lord x7  
  113  10:47  Zergling x12  
  113  10:48  Zergling x14  
Show
View Real Time Build Order
Export as new Build Order

monOxyde Terran 

Build Orders: Reaper Expand, Hellion Banshee 

Get SALT Encoding   

  12  0:00  SCV  
  13  0:12  SCV  
  14  0:17  Supply Depot  
  14  0:25  SCV  
  15  0:39  SCV  
  15  0:40  Barracks  
  16  0:45  Refinery  
  16  0:51  SCV  
  17  1:03  SCV  
  18  1:15  SCV  
  19  1:28  Orbital Command  
  19  1:29  Reaper  
  20  1:40  Command Center  
  20  1:48  Supply Depot  
  20  1:53  SCV  
  21  2:00  Marine  
  22  2:07  Factory  
  23  2:08  SCV  
  23  2:14  Refinery  
  23  2:20  SCV  
  24  2:23  Barracks Reactor  
  24  2:32  SCV  
  25  2:45  SCV  
  26  2:51  Orbital Command  
  26  2:57  SCV  
  26  2:58  Starport  
  27  3:06  Barracks Tech Lab  
  27  3:07  Hellion  
  27  3:08  Hellion  
  27  3:09  SCV  
  32  3:17  SCV  
  33  3:21  SCV  
  34  3:29  SCV, Hellion x2  
  34  3:33  SCV  
  40  3:39  Supply Depot  
  40  3:41  SCV  
  41  3:45  Banshee  
  41  3:47  SCV  
  45  3:53  SCV  
  46  4:00  SCV  
  46  4:01  Hellion x2  
  51  4:05  SCV  
  52  4:12  SCV, Supply Depot  
  52  4:13  Supply Depot  
  53  4:18  SCV  
  54  4:34  SCV, Viking, Hellion x2  
  54  4:36  Command Center  
  61  4:40  SCV  
  62  4:46  SCV  
  62  4:49  Armory  
  62  4:51  Armory  
  63  4:53  SCV  
  63  4:56  Hellion  
  63  4:57  Hellion  
  63  4:58  SCV  
  69  5:03  Refinery x2  
  69  5:04  Supply Depot  
  69  5:09  SCV  
  70  5:26  SCV  
  71  5:32  Hellion x2  
  75  5:36  SCV  
  75  5:38  SCV, Factory x2  
  75  5:40  Starport Reactor, Supply Depot  
  77  5:45  Terran Vehicle And Ship Armor Level 1, Terran Vehicle Weapons Level 1  
  77  5:48  SCV, Orbital Command  
  78  5:55  Hellion  
  80  5:58  SCV  
  81  6:07  SCV  
  82  6:11  Hellion  
  82  6:12  SCV  
  82  6:15  Supply Depot x2  
  82  6:16  Hellion  
  87  6:19  SCV  
  87  6:24  SCV  
  89  6:32  Liberator x2  
  81  6:44  Thor  
  81  6:46  Factory Tech Lab  
  74  6:50  SCV, Factory  
  74  6:52  Factory  
  81  6:56  Hellion x2  
  81  6:59  Infernal Pre-Igniter  
  85  7:04  Supply Depot  
  85  7:06  Supply Depot  
  85  7:20  Hellion x3  
  89  7:35  SCV x2  
  91  7:39  Orbital Command  
  91  7:46  Refinery  
  91  7:47  SCV  
  91  7:50  Refinery  
  83  8:05  Thor x2  
  89  8:06  Hellion x2  
  89  8:09  SCV x3  
  102  8:21  SCV  
  102  8:22  Factory Reactor  
  102  8:23  SCV, Factory Tech Lab  
  104  8:27  Hellion x2  
  104  8:34  SCV x2  
  95  8:35  SCV  
  90  8:48  Terran Vehicle And Ship Armor Level 2, Terran Vehicle Weapons Level 2, Siege Tank x2  
  93  8:51  Orbital Command  
  93  8:52  SCV x3  
  97  9:07  Hellion x2, Siege Tank  
  82  9:20  SCV x3, Siege Tank x2  
  88  9:30  Hellion x4  
  96  9:37  SCV x3  
  99  9:39  Hellion  
  101  9:49  SCV  
  104  9:53  Hellion x6  
  114  10:01  Hellion  
  118  10:14  Hellion x3  
  118  10:20  Hellion x2, Siege Tank  
  124  10:22  Hellion  
  125  10:35  Hellion  
  125  10:36  Hellion x2  
  125  10:42  Hellion x2  
  112  10:44  Hellion  
  104  10:52  Hellion  
  104  10:53  Hellion x2  
Tags
 
Add a new tag
Caveats
  • Supply blocks, unpowered buildings, or Contaminate may cause inaccurate times.
  • Supply counts are checked every 10 seconds.